 Dungeon Crawl Stone Soup version 0.19.4-9-g45fd643 (webtiles) character file.

141 empire the Ducker (level 5, -8/46 HPs)
             Began as a Draconian Monk on Feb 17, 2017.
             Mangled by a thrashing horror (10 damage)
             ... on level 1 of the Abyss.
             The game lasted 00:04:54 (1998 turns).

empire the Ducker (Draconian Monk)                  Turns: 1998, Time: 00:04:55

Health: -8/46      AC:  6    Str: 13    XL:     5   Next: 3%
Magic:  5/5        EV: 19    Int: 11    God:
Gold:   127        SH:  0    Dex: 14    Spells: 0 memorised, 4 levels left

rFire  . . .     SeeInvis .     a - +0 falchion
rCold  . . .     Gourm    .     (armour unavailable)
rNeg   . . .     Faith    .     (no shield)
rPois  .         Spirit   .     (helmet restricted)
rElec  .         Reflect  .     (no cloak)
rCorr  .         Harm     .     d - +0 pair of gloves
MR     .....                    (no boots)
Stlth  ++........               (no amulet)
                                (no ring)
                                r - +5 ring of evasion

@: no status effects
A: unfitting armour, cold-blooded, AC +5
a: no special abilities


You were on level 1 of the Abyss.
You were not hungry.

You visited 1 branch of the dungeon, and saw 3 of its levels.
You visited the Abyss 1 time.

You collected 127 gold pieces.

Inventory:

Hand Weapons
 a - a +0 falchion (weapon)
 v - a +0 short sword of freezing
 y - a +0 rapier
Armour
 d - a +0 pair of gloves (worn)
Jewellery
 r - a +5 ring of evasion (left hand)
Scrolls
 f - 2 scrolls of teleportation {unknown}
 i - a scroll of magic mapping {unknown}
 m - a scroll of enchant armour {unknown}
 p - 5 scrolls of remove curse {unknown}
 u - a scroll of enchant weapon {unknown}
Potions
 c - 2 potions of curing {unknown}
 e - a potion of lignification {unknown}
 g - 2 potions of heal wounds {unknown}
 h - a potion of berserk rage {unknown}
 k - 2 potions of haste {unknown}
 n - 2 potions of flight {unknown}
 o - a potion of cancellation {unknown}
 s - a potion of resistance {unknown}
 w - a potion of degeneration {unknown}
Comestibles
 b - 2 bread rations
 j - a beef jerky
 l - a meat ration
 t - 2 fruits
 x - a slice of pizza


   Skills:
 - Level 4.0 Fighting
 - Level 4.0 Long Blades
 - Level 4.1 Dodging
 + Level 1.9 Stealth


You had 4 spell levels left.
You didn't know any spells.

Dungeon Overview and Level Annotations

Branches:
Dungeon (3/15)

Altars:
Dithmenos
Sif Muna
Uskayaw


Innate Abilities, Weirdness & Mutations

Your plain brown scales are hard. (AC +5)
You cannot fit into any form of body armour.
You are cold-blooded and may be slowed by cold attacks.


Message History

The thrashing horror misses you.
The thrashing horror closely misses you.
The thrashing horror tramples you.
* * * LOW HITPOINT WARNING * * *
You hold your ground!
The thrashing horror closely misses you.
The thrashing horror tramples you but does no damage.
The thrashing horror tramples you!
* * * LOW HITPOINT WARNING * * *
You stumble backwards!
There are no items here.
Okay, then.
The thrashing horror roars!
The thrashing horror barely misses you.
The thrashing horror tramples you but does no damage.
You see here a purple potion.
n - 2 purple potions (gained 1)
The thrashing horror roars!
You hear a roar!
The thrashing horror tramples you!
You die...

.#. ##### .# .# .#.. #
. ...# #...#
..#...#.##.##.## # .
#.#.#.#....#.### ####
##.#.....#.....###...#
. . #.....#.##....#.#
....## . . ..
#..X.......# .#.....#
. #....##@##.....#
....... ...
##..###..##.......X #
.#...
##≈#.##...##...... # .
.. ##.### #.#...... .
. ##. . .3.. .#..# #
4.... ##..... #.###
#.≈... . . # . ###..
##≈...... . ...... #.
.... # ### ## #..### #
......


You could see a thrashing horror.

Vanquished Creatures
  4 gnolls
  3 adders
  3 worms (D:2)
  3 dart slugs
  A leopard gecko (D:1)
  2 ball pythons (D:3)
  5 giant cockroaches
  4 hobgoblins
  6 jackals
  2 kobolds
  9 bats
  6 frilled lizards
  7 goblins
  7 rats
62 creatures vanquished.

Notes
Turn   | Place    | Note
-------+----------+-------------------------------------------
     0 | D:1      | empire the Draconian Monk began the quest for the Orb.
     0 | D:1      | Reached XP level 1. HP: 19/19 MP: 1/1
   123 | D:1      | Reached XP level 2. HP: 26/26 MP: 2/2
   774 | D:1      | Reached XP level 3. HP: 18/33 MP: 3/3
  1292 | D:2      | Found a faded altar of an unknown god.
  1380 | D:2      | Found a hide-covered altar of Uskayaw.
  1423 | D:2      | Reached XP level 4. HP: 40/40 MP: 4/4
  1445 | D:2      | Found a shadowy altar of Dithmenos.
  1482 | D:2      | Found a deep blue altar of Sif Muna.
  1907 | D:3      | Reached XP level 5. HP: 44/46 MP: 5/5
  1931 | D:3      | Cast into level 1 of the Abyss (orc)
  1967 | Abyss:1  | Noticed a smoke demon
  1979 | Abyss:1  | Noticed a thrashing horror
  1981 | Abyss:1  | Noticed an ice devil
  1987 | Abyss:1  | Noticed a large abomination
  1996 | Abyss:1  | HP: 1/46 [thrashing horror (11)]
  1998 | Abyss:1  | Mangled by a thrashing horror

Skill      XL: |  1  2  3  4 |
---------------+-------------+-----
Dodging        | 3 4 |  4.1
Fighting       | 4 |  4.0
Long Blades    | 4 |  4.0
Stealth        | |  1.9

Action                   |  1- 3 |  4- 6 || total
-------------------------+-------+-------++-------
Melee: Falchion          |   120 |    71 ||   191
       Tailslap          |    19 |    14 ||    33
 Stab: Sleeping          |     2 |       ||     2
  Eat: Chunk             |     2 |     2 ||     4
Armor: Skin              |    44 |    18 ||    62
Dodge: Dodged            |   108 |   127 ||   235
       Rpst.: Falchion   |    33 |    34 ||    67
